 Dungeon Crawl Stone Soup version 0.28.0-53-g5a82cb258f (webtiles) character file.

Game seed: 17261646903034215095

5 Brotato the Sneak (level 1, -19/20 HPs)
             Began as a Hill Orc Delver on June 17, 2022.
             Killed from afar by an acid dragon (30 damage)
             ... with a splash of acid
             ... on level 5 of the Dungeon.
             The game lasted 00:00:31 (121 turns).

Brotato the Sneak (Hill Orc Delver)                  Turns: 121, Time: 00:00:32

Health: -19/20     AC:  3    Str: 14    XL:     1   Next: 80%
Magic:  1/1        EV: 11    Int: 10    God:
Gold:   70         SH:  0    Dex: 12    Spells: 0/0 levels left

rFire   . . .      SeeInvis .   a - +0 hand axe
rCold   . . .      Faith    .   (no shield)
rNeg    . . .      Spirit   .   b - +0 leather armour
rPois   .          Reflect  .   (no helmet)
rElec   .          Harm     .   (no cloak)
rCorr   .          Rampage  .   (no gloves)
Will    .....                   (no boots)
Stlth   ++........              (no amulet)
HPRegen 0.06/turn               (no ring)
MPRegen 0.07/turn               (no ring)

@: no status effects
A: no striking features
a: no special abilities


You were on level 5 of the Dungeon.
You visited 1 branch of the dungeon, and saw 1 of its levels.

You collected 70 gold pieces.

Inventory:

Hand Weapons
 a - a +0 hand axe (weapon)
Armour
 b - a +0 leather armour (worn)
Wands
 g - a wand of digging (3)
Scrolls
 c - a scroll of fog
 d - 3 scrolls of magic mapping
 e - a scroll of fear
 i - a scroll of identify {unknown}
Potions
 f - a potion of haste
 h - a potion of brilliance {unknown}


   Skills:
 + Level 3.7 Fighting
 + Level 2.9 Axes
 + Level 1.7 Dodging
 + Level 4.1 Stealth


You couldn't memorise any spells.
You didn't know any spells.
Your spell library was empty.

Dungeon Overview and Level Annotations

Branches:
Dungeon (5/15)
 Temple: D:4-7

Altars:

Shops:
D:5 (

Annotations:
D:5 exclusion: jelly


Message History

You can't see that place. [the floor.] Placed new exclusion.
Found a robe.
d - 3 scrolls of magic mapping (gained 1)
You hear the slow rusting of a distant drain.
An ufetubus comes into view.
The ufetubus shouts!
An orc comes into view. It is wielding a +0 dagger.
You miss the ufetubus. The ufetubus hits you. The ufetubus barely misses you.
The ufetubus closely misses you. The ufetubus hits you.
You miss the ufetubus. The ufetubus hits you. The ufetubus closely misses you.
The ufetubus misses you. The ufetubus hits you.
You hit the ufetubus.
The ufetubus is almost dead.
The ufetubus hits you but does no damage.
The ufetubus hits you.
The jelly quivers.
You hit the ufetubus.
You kill the ufetubus!
An acid dragon comes into view.
No reachable target in view!
No reachable target in view!
No reachable target in view!
No reachable target in view!
No reachable target in view!
No reachable target in view!
No reachable target in view!
No reachable target in view!
No reachable target in view!
No reachable target in view!
You see here 16 gold pieces.
Found 8 gold pieces.
Found 14 gold pieces.
Found a dagger.
The acid dragon roars!
The acid dragon spits acid at you. The splash of acid hits you!!
Ouch! That really hurt!
You die...

.....J.............#....
#D...#..##...........### .
#....#..#...............
..#.... #..............##.
#...... ##.............#..
.)..$..####$.........#...#
........####.......###...#
...........#......## .....
##.$##.#.@........# .. #.
... ####........... ## .
##........... #
##.......[..# ##
#..........# #. ..........
##. .......... #..
..###.... ##. ....


You could see an acid dragon (catching breath).

Vanquished Creatures
  An ufetubus (D:5)
1 creature vanquished.

Notes
Turn   | Place    | Note
-------+----------+-------------------------------------------
     0 | D:5      | Brotato the Hill Orc Delver began the quest for the Orb.
     0 | D:5      | Reached XP level 1. HP: 19/19 MP: 1/1
     0 | D:5      | Found Micryje's Antique Weapon Boutique.
    80 | D:5      | Noticed a jelly
   110 | D:5      | Noticed an acid dragon
   121 | D:5      | Killed from afar by an acid dragon

Illustrated notes

Levels and vault maps discovered:
D:5:      layout_cave_pools, cheibrodos_sewer_entry_drain, serial_shops, shop,
          grunt_decor_fettered

Action                   || total
-------------------------++-------
Melee: Hand axe          ||     4
Armor: Leather armour    ||     1
Dodge: Dodged            ||     4
